 Dungeon Crawl Stone Soup version 0.29.0-4-gdea44cf6ec (webtiles) character file.

Game seed: 12929202467231915502

1785 qw the Cleaver (level 8, -4/70 HPs)
             Began as a Minotaur Fighter on Sept 7, 2022.
             Was an Initiate of Ru.
             Slain by a white ugly thing (30 damage)
             ... on level 8 of the Dungeon.
             The game lasted 00:02:32 (7094 turns).

qw the Cleaver (Minotaur Fighter)                   Turns: 7094, Time: 00:02:32

Health: -4/70      AC: 16    Str: 24    XL:     8   Next: 81%
Magic:  7/7        EV:  6    Int:  5    God:    Ru [......]
Gold:   314        SH:  4    Dex:  9    Spells: 7/7 levels left

rFire   . . .      SeeInvis .   Y - +1 war axe
rCold   . . .      Faith    .   c - +0 buckler
rNeg    . . .      Spirit   .   p - +0 plate armour
rPois   .          Reflect  .   t - +2 hat
rElec   .          Harm     .   i - +0 cloak
rCorr   .          Rampage  .   j - +0 pair of gloves
Will    +....                   (no boots)
Stlth   ..........              (no amulet)
HPRegen 0.21/turn               o - ring of willpower
MPRegen 0.10/turn               (no ring)

@: about to teleport
A: horns 2, retaliatory headbutt
a: Renounce Religion


You were on level 8 of the Dungeon.
You worshipped Ru.
Ru was noncommittal.
You visited 1 branch of the dungeon, and saw 8 of its levels.

You collected 444 gold pieces.
You spent 130 gold pieces at shops.


Innate Abilities, Weirdness & Mutations

You have a pair of horns on your head.
You reflexively headbutt those who attack you in melee.


   Skills:
 - Level 6.0 Fighting
 + Level 11.8 Axes
 - Level 1.2 Throwing
 - Level 5.0 Armour
 - Level 1.0 Dodging
 - Level 4.5 Shields


You had 7 spell levels left.
You didn't know any spells.
Your spell library was empty.

Inventory:

Hand Weapons
 q - a +0 flail
 Y - a +1 war axe (weapon)
Missiles
 l - a boomerang (quivered)
Armour
 c - a +0 buckler (worn)
 i - a +0 cloak (worn)
 j - a +0 pair of gloves (worn)
 p - a +0 plate armour (worn)
 t - a +2 hat (worn)
Jewellery
 b - a ring of fire
 o - a ring of willpower (left hand)
Wands
 n - a wand of digging (5)
Scrolls
 a - 3 scrolls of teleportation
 g - 5 scrolls of identify
Potions
 d - 3 potions of might
 f - 7 potions of curing
 h - 5 potions of heal wounds
 m - a potion of haste

Dungeon Overview and Level Annotations

Branches:
Dungeon (8/15)             Temple (0/1) D:4
   Lair: D:8-11

Altars:
Cheibriados
Elyvilon
Fedhas
Hepliaklqana
Ru
Sif Muna
Vehumet
Wu Jian
Zin
The Shining One

Shops:
D:4 ?


Message History

The wight closely misses you.
You hit the wight.
The wight is lightly damaged.
The wight hits you but does no damage.
You slash the wight! You headbutt the wight.
You destroy the wight!
You start resting.
A white ugly thing comes into view.
7081 ||| FLEEEEING.
Things that are here:
a +0 shortbow; 14 gold pieces
7082 ||| FLEEEEING.
7083 ||| FLEEEEING.
There is an open door here.
7084 ||| FLEEEEING.
7085 ||| FLEEEEING.
You start resting.
A white ugly thing is nearby!
Throw: boomerang
Press: ? - help, Q - select action Shift-Dir - straight line, f - white ugly thing You throw a boomerang.
The boomerang hits the white ugly thing.
The white ugly thing is lightly wounded.
You closely miss the white ugly thing.
The white ugly thing is lightly wounded.
The white ugly thing claws you. The white ugly thing freezes you!!
You hit the white ugly thing but do no damage.
The white ugly thing is lightly wounded.
You block the white ugly thing's attack.
You barely miss the white ugly thing.
The white ugly thing is lightly wounded.
The white ugly thing claws you. The white ugly thing freezes you!
7093 ||| READING 4 scrolls of teleportation.
As you read the scroll of teleportation, it crumbles to dust.
You feel strangely unstable.
The white ugly thing claws you but does no damage.
7094 ||| DRINKING 6 potions of heal wounds.
You feel much better. The white ugly thing claws you.
The white ugly thing freezes you!!
You die...

####.....#...#
##.#.##.#.....
#.#.##.#.###.
#.#.##.#.#
#.#.##.#..
#.#.##.# #.#.#
## #.### #@#
#u#### #
#.##)##.##:#
#.'.~.u~..~#
#.##)##.##(#
###### #


You could see a white ugly thing.

Vanquished Creatures
  Grinder (D:4)
  A steam dragon (D:7)
  2 water moccasins
  An ogre (D:5)
  A centaur (D:8)
  3 bullfrogs
  2 necrophages
  A scorpion (D:5)
  A wight (D:8)
  2 howler monkeys (D:6)
  2 hounds
  3 jellies
  3 orc priests
  A gnoll bouda (D:6)
  Ijyb (D:3)
  3 iguanas
  An orc wizard (D:4)
  4 gnolls
  5 adders
  A shadow imp (D:7)
  2 white imps (D:6)
  3 worms
  2 dart slugs
  17 orcs
  3 ball pythons
  2 bats (D:3)
  5 endoplasms
  A giant cockroach (D:3)
  12 goblins
  9 hobgoblins
  6 jackals
  5 quokkas
  A frilled lizard (D:2)
  12 kobolds
  8 rats
127 creatures vanquished.

Vanquished Creatures (others)
  13 fungi (D:6)
  6 plants (D:1)
19 creatures vanquished.

Grand Total: 146 creatures vanquished

Notes
Turn   | Place    | Note
-------+----------+-------------------------------------------
     0 | D:1      | qw the Minotaur Fighter began the quest for the Orb.
     0 | D:1      | Reached XP level 1. HP: 19/19 MP: 0/0
     0 | D:1      | 0 ||| qw: Version: 0.1-a-108-g9e35731
     0 | D:1      | 0 ||| qw: Game counter: 6551
     0 | D:1      | 0 ||| qw: Always use a shield: true
     0 | D:1      | 0 ||| qw: God list: Ru
     0 | D:1      | 0 ||| qw: Allow faded altars: false
     0 | D:1      | 0 ||| qw: Do Orc after D:15 true
     0 | D:1      | 0 ||| qw: Do second Lair branch before Depths: true
     0 | D:1      | 0 ||| qw: Lair rune preference: random
     0 | D:1      | 0 ||| qw: Plans: Normal
     0 | D:1      | 0 ||| PLANNING D:1-11
   246 | D:1      | Reached skill level 3 in Axes
   397 | D:1      | Reached XP level 2. HP: 26/26 MP: 1/1
   397 | D:1      | 397 ||| Stepping ~*~*~tactically~*~*~ (stealth).
   580 | D:1      | 580 ||| Stepping ~*~*~tactically~*~*~ (stealth).
   601 | D:1      | Reached skill level 4 in Axes
   792 | D:1      | Found a faded altar of an unknown god.
   994 | D:1      | 994 ||| UPGRADING to +0 cloak.
   999 | D:1      | 999 ||| READING scroll labelled BAOLILL JEUCZA.
  1002 | D:1      | 1002 ||| READING scroll labelled QIMYODDEDUI.
  1137 | D:2      | 1137 ||| Stepping ~*~*~tactically~*~*~ (stealth).
  1138 | D:2      | 1138 ||| Stepping ~*~*~tactically~*~*~ (stealth).
  1192 | D:2      | Reached XP level 3. HP: 31/31 MP: 2/2
  1514 | D:2      | 1514 ||| Stepping ~*~*~tactically~*~*~ (stealth).
  1668 | D:2      | 1668 ||| READING scroll labelled XEOSYMMOICS.
  1669 | D:2      | 1669 ||| READING scroll labelled UTYIRCH CUENIWK.
  1670 | D:2      | 1670 ||| READING scroll labelled ANNILE ESOTERR.
  1671 | D:2      | 1671 ||| READING scroll labelled YBOCHE JONNUF.
  1672 | D:2      | 1672 ||| READING scroll labelled SIRCHU PORIPO.
  1673 | D:2      | 1673 ||| DRINKING 2 blue potions.
  1773 | D:3      | Found a glowing silver altar of Zin.
  1773 | D:3      | Found a faded altar of an unknown god.
  1783 | D:3      | Found a faded altar of an unknown god.
  1785 | D:3      | Found a shimmering blue altar of Sif Muna.
  1787 | D:3      | Found a hazy altar of Hepliaklqana.
  1824 | D:3      | Found a white marble altar of Elyvilon.
  1867 | D:3      | 1867 ||| Stepping ~*~*~tactically~*~*~ (stealth).
  1874 | D:3      | Reached skill level 5 in Axes
  1898 | D:3      | 1898 ||| Stepping ~*~*~tactically~*~*~ (stealth).
  1912 | D:3      | 1912 ||| Stepping ~*~*~tactically~*~*~ (stealth).
  1915 | D:3      | 1915 ||| Stepping ~*~*~tactically~*~*~ (stealth).
  1920 | D:3      | 1920 ||| Stepping ~*~*~tactically~*~*~ (stealth).
  1924 | D:3      | Reached skill level 1 in Dodging
  1924 | D:3      | Reached XP level 4. HP: 38/39 MP: 3/3
  1941 | D:3      | 1941 ||| FLEEEEING.
  1943 | D:3      | 1943 ||| FLEEEEING.
  1944 | D:3      | 1944 ||| STAIRDANCE
  2046 | D:3      | 2046 ||| Stepping ~*~*~tactically~*~*~ (stealth).
  2048 | D:3      | 2048 ||| Stepping ~*~*~tactically~*~*~ (stealth).
  2051 | D:3      | 2051 ||| Stepping ~*~*~tactically~*~*~ (hiding).
  2254 | D:3      | Noticed a necrophage
  2260 | D:3      | Killed a necrophage
  2261 | D:3      | Reached skill level 6 in Axes
  2261 | D:3      | Reached XP level 5. HP: 45/45 MP: 4/4
  2326 | D:3      | 2326 ||| Stepping ~*~*~tactically~*~*~ (stealth).
  2556 | D:3      | 2556 ||| Stepping ~*~*~tactically~*~*~ (stealth).
  2557 | D:3      | Noticed Ijyb
  2558 | D:3      | 2558 ||| Stepping ~*~*~tactically~*~*~ (hiding).
  2569 | D:3      | Reached skill level 7 in Axes
  2571 | D:3      | Killed Ijyb
  2813 | D:3      | 2813 ||| DROPPING +2 robe of resistance.
  2814 | D:3      | 2814 ||| UPGRADING to +0 plate armour.
  2824 | D:3      | 2824 ||| DROPPING +0 scale mail.
  2825 | D:3      | 2825 ||| DROPPING ring of magical power.
  2826 | D:3      | 2826 ||| DRINKING 2 golden potions.
  2827 | D:3      | 2827 ||| DRINKING 2 amethyst potions.
  2845 | D:4      | Reached XP level 6. HP: 39/52 MP: 5/5
  3020 | D:4      | Found an ornate altar of the Wu Jian Council.
  3109 | D:4      | Found Guux's Magic Scroll Shop.
  3120 | D:4      | You fall into a shaft and drop 1 floor!
  3120 | D:5      | Entered Level 5 of the Dungeon
  3138 | D:4      | Found a staircase to the Ecumenical Temple.
  3297 | D:4      | Noticed Grinder
  3298 | D:4      | 3298 ||| Stepping ~*~*~tactically~*~*~ (hiding).
  3307 | D:4      | Killed Grinder
  3308 | D:4      | Reached skill level 8 in Axes
  3757 | D:5      | 3757 ||| Stepping ~*~*~tactically~*~*~ (hiding).
  3887 | D:5      | Reached XP level 7. HP: 59/59 MP: 6/6
  3900 | D:5      | Reached skill level 9 in Axes
  3924 | D:5      | 3924 ||| Stepping ~*~*~tactically~*~*~ (stealth).
  3927 | D:5      | 3927 ||| Stepping ~*~*~tactically~*~*~ (stealth).
  4014 | D:5      | 4014 ||| Stepping ~*~*~tactically~*~*~ (stealth).
  4016 | D:5      | 4016 ||| Stepping ~*~*~tactically~*~*~ (stealth).
  4017 | D:5      | 4017 ||| Stepping ~*~*~tactically~*~*~ (stealth).
  4018 | D:5      | 4018 ||| Stepping ~*~*~tactically~*~*~ (stealth).
  4021 | D:5      | 4021 ||| Stepping ~*~*~tactically~*~*~ (stealth).
  4059 | D:5      | 4059 ||| Stepping ~*~*~tactically~*~*~ (stealth).
  4099 | D:5      | 4099 ||| Stepping ~*~*~tactically~*~*~ (stealth).
  4100 | D:5      | 4100 ||| Stepping ~*~*~tactically~*~*~ (stealth).
  4277 | D:5      | Found a radiant altar of Vehumet.
  4278 | D:5      | 4278 ||| Stepping ~*~*~tactically~*~*~ (hiding).
  4279 | D:5      | 4279 ||| Stepping ~*~*~tactically~*~*~ (hiding).
  4282 | D:5      | 4282 ||| Stepping ~*~*~tactically~*~*~ (hiding).
  4284 | D:5      | 4284 ||| Stepping ~*~*~tactically~*~*~ (hiding).
  4407 | D:5      | 4407 ||| Stepping ~*~*~tactically~*~*~ (stealth).
  4748 | D:5      | 4748 ||| UPGRADING to +2 hat.
  4753 | D:5      | 4753 ||| READING scroll labelled CEB XARIOCAA.
  4754 | D:5      | 4754 ||| READING scroll labelled RARAPOT CORRE.
  4755 | D:5      | 4755 ||| READING scroll labelled DISHURCH EHUPH.
  4756 | D:5      | 4756 ||| DRINKING 2 fuming amethyst potions.
  4757 | D:5      | 4757 ||| READING 2 scrolls of identify.
  4757 | D:5      | 4757 ||| IDENTIFYING glowing orange potion
  4758 | D:5      | 4758 ||| DROPPING potion of invisibility.
  4759 | D:5      | 4759 ||| DROPPING potion of degeneration.
  4822 | D:4      | 4822 ||| BUYING scroll of identify (20 gold).
  4822 | D:4      | Bought a scroll of identify for 20 gold pieces
  4822 | D:4      | 4822 ||| BUYING scroll of identify (20 gold).
  4822 | D:4      | Bought a scroll of identify for 20 gold pieces
  4822 | D:4      | 4822 ||| BUYING scroll of identify (20 gold).
  4822 | D:4      | Bought a scroll of identify for 20 gold pieces
  4822 | D:4      | 4822 ||| BUYING scroll of identify (20 gold).
  4822 | D:4      | Bought a scroll of identify for 20 gold pieces
  4822 | D:4      | 4822 ||| BUYING scroll of identify (20 gold).
  4822 | D:4      | Bought a scroll of identify for 20 gold pieces
  4822 | D:4      | 4822 ||| BUYING scroll of teleportation (30 gold).
  4822 | D:4      | Bought a scroll of teleportation for 30 gold pieces
  4822 | D:4      | 4822 ||| READING 6 scrolls of identify.
  4822 | D:4      | 4822 ||| IDENTIFYING murky puce potion
  4823 | D:4      | 4823 ||| READING 5 scrolls of identify.
  4823 | D:4      | 4823 ||| IDENTIFYING pink potion
  4824 | D:4      | 4824 ||| DROPPING potion of magic.
  4825 | D:4      | 4825 ||| DROPPING potion of flight.
  4879 | D:6      | Noticed a steam dragon
  4945 | D:6      | Found a snail-covered altar of Cheibriados.
  4999 | D:6      | 4999 ||| UPGRADING to +0 pair of gloves.
  5039 | D:6      | Found a glowing golden altar of the Shining One.
  5100 | D:6      | Noticed a steam dragon
  5115 | D:6      | 5115 ||| READING scroll labelled GIKHIFR HOEPS.
  5253 | D:6      | Reached skill level 10 in Axes
  5274 | D:6      | Found a sacrificial altar of Ru.
  5277 | D:6      | Became a worshipper of Ru the Awakened
  5297 | D:6      | 5297 ||| Stepping ~*~*~tactically~*~*~ (hiding).
  5300 | D:6      | Reached XP level 8. HP: 68/68 MP: 7/7
  5309 | D:6      | Reached skill level 1 in Throwing
  5416 | D:6      | 5416 ||| DROPPING +1 vorpal mace.
  5434 | D:6      | 5434 ||| UPGRADING to ring of willpower.
  5435 | D:6      | 5435 ||| READING scroll labelled VEJIXYL EZOSUA.
  5670 | D:7      | Reached skill level 6 in Fighting
  5711 | D:7      | 5711 ||| Stepping ~*~*~tactically~*~*~ (hiding).
  5941 | D:7      | Found a blossoming altar of Fedhas.
  6165 | D:7      | 6165 ||| Stepping ~*~*~tactically~*~*~ (hiding).
  6333 | D:7      | Reached skill level 11 in Axes
  6602 | D:7      | 6602 ||| INVOKING Reject Sacrifices.
  6873 | D:7      | 6873 ||| DRINKING 2 silvery potions.
  6978 | D:7      | 6978 ||| READING 6 scrolls of identify.
  6978 | D:7      | 6978 ||| IDENTIFYING white potion
  6979 | D:7      | 6979 ||| DROPPING potion of berserk rage.
  6980 | D:7      | 6980 ||| DROPPING potion of attraction.
  7060 | D:8      | 7060 ||| Stepping ~*~*~tactically~*~*~ (stealth).
  7080 | D:8      | Noticed a white ugly thing
  7081 | D:8      | 7081 ||| FLEEEEING.
  7082 | D:8      | 7082 ||| FLEEEEING.
  7083 | D:8      | 7083 ||| FLEEEEING.
  7084 | D:8      | 7084 ||| FLEEEEING.
  7085 | D:8      | 7085 ||| FLEEEEING.
  7092 | D:8      | HP: 13/70 [white ugly thing (13)]
  7093 | D:8      | 7093 ||| READING 4 scrolls of teleportation.
  7094 | D:8      | 7094 ||| DRINKING 6 potions of heal wounds.
  7094 | D:8      | Slain by a white ugly thing

Levels and vault maps discovered:
D:1:      roderic_crop_circles_arrival_small, layout_loops_ring,
          ebering_ecumenical_altar_mist, serial_bayou_pond_b, dk_noncrumbling_2,
          minmay_distorted
D:2:      layout_loops_cross, amcnicky_mini_rare_corridor_liquid, fountainhead
D:3:      kennysheep_the_goblin_king, layout_loops_cross,
          overflow_temple_1_default, chequers_temple_overflow_minitemple,
          minmay_vboxes
D:4:      layout_loops_cross, nzn_wu_jian_contemplation,
          minmay_temple_entry_antechambers, nicolae_take_the_stairs,
          uniq_grinder
D:5:      layout_cave_pools, vehumet_altar_wand_db,
          chequers_serial_rivers_large_a
D:6:      kennysheep_steamy, layout_rooms, lemuel_crystal_altar,
          hangedman_ru_absence, chei_slow_surprise
D:7:      cheibrodos_iron_armory, layout_layer_cave, lemuel_crystal_altar
D:8:      hangedman_cross_veins, layout_rooms, mainiacjoe_overflow_alcove_2,
          uniq_maurice

Skill      XL: |  1  2  3  4  5  6  7  8 |
---------------+-------------------------+-----
Axes           | 3 4 5 6 7 8 10 11 | 11.8
Dodging        | 1 |  1.0
Fighting       | 4 5 6 |  6.0
Armour         | 4 5 |  5.0
Throwing       | 1 |  1.2
Shields        | 4 |  4.5

Action                   |  1- 3 |  4- 6 |  7- 9 || total
-------------------------+-------+-------+-------++-------
Melee: War axe           |    91 |   109 |   101 ||   301
       Headbutt          |     5 |    16 |    19 ||    40
Throw: Boomerang         |       |       |    16 ||    16
Invok: Reject Sacrifices |       |       |     1 ||     1
  Use: Scroll            |     7 |       |    10 ||    17
       Potion            |     1 |     2 |     3 ||     6
Armor: Scale mail        |    22 |    21 |       ||    43
       Plate armour      |       |    22 |    48 ||    70
Dodge: Dodged            |    26 |    30 |    20 ||    76
Block: Buckler           |    18 |    13 |    15 ||    46

Table legend:
 A = Non-vault XP
 B = Vault XP
 C = Vault XP percentage of total XP
 D = Non-vault monster count
 E = Vault monster count
 F = Vault count percentage of total count
                 A         B        C        D         E       F
            +---------+---------+-------+---------+---------+-------
      Total |    1714 |     836 |  32.8 |     102 |      25 |  19.7
            +---------+---------+-------+---------+---------+-------
        D:1 |      25 |       5 |  16.7 |      13 |       3 |  18.8
        D:2 |      27 |       0 |   0.0 |      15 |       0 |   0.0
        D:3 |     197 |      83 |  29.6 |      24 |      14 |  36.8
        D:4 |     131 |     254 |  66.0 |      15 |       1 |   6.2
        D:5 |     483 |       1 |   0.2 |      13 |       1 |   7.1
        D:6 |     291 |       0 |   0.0 |       9 |       0 |   0.0
        D:7 |     464 |     181 |  28.1 |      12 |       1 |   7.7
        D:8 |      96 |     312 |  76.5 |       1 |       5 |  83.3
            +---------+---------+-------+---------+---------+-------
